 Dungeon Crawl Stone Soup version 0.29-a0-911-g88e6f02907 (webtiles) character file.

Game seed: 13590022416137674611

37 mathmaestro the Grave Robber (level 3, 16/24 HPs)
             Began as a Demonspawn Necromancer on July 25, 2022.
             Quit the game on level 2 of the Dungeon.
             The game lasted 00:02:20 (1200 turns).

mathmaestro the Grave Robber (DsNe)                 Turns: 1200, Time: 00:02:20

Health: 16/24      AC:  2    Str:  8    XL:     3   Next: 21%
Magic:  0/7        EV: 12    Int: 18    God:
Gold:   46         SH:  0    Dex: 13    Spells: 4/7 levels left

rFire   . . .      SeeInvis .   j - +0 spear
rCold   . . .      Faith    .   (no shield)
rNeg    . . .      Spirit   .   a - +0 robe
rPois   .          Reflect  .   (no helmet)
rElec   .          Harm     .   (no cloak)
rCorr   .          Rampage  .   (no gloves)
Will    .....                   (no boots)
Stlth   ++........              (no amulet)
HPRegen 0.08/turn               (no ring)
MPRegen 0.20/turn               (no ring)

@: mildly poisoned (16 -> 12)
A: magic regeneration, demonic touch 1
a: no special abilities


You were on level 2 of the Dungeon.
You visited 1 branch of the dungeon, and saw 2 of its levels.

You collected 46 gold pieces.

Inventory:

Hand Weapons
 j - a +0 spear (weapon)
Armour
 a - a +0 robe (worn)
Wands
 n - a wand of flame (23)
Scrolls
 c - 2 scrolls of poison {unknown}
 f - 3 scrolls of teleportation {unknown}
 l - a scroll of identify {unknown}
Potions
 b - a potion of magic
 d - a potion of curing {unknown}
 e - a potion of haste {unknown}
 g - a potion of berserk rage {unknown}
 h - a potion of mutation {unknown}
 i - 2 potions of lignification {unknown}
 k - a potion of degeneration {unknown}
 m - a potion of heal wounds {unknown}


   Skills:
 - Level 2.0 Dodging
 - Level 2.0 Stealth
 + Level 2.6 Spellcasting
 + Level 4.9 Necromancy


You had 4 spell levels left.
You knew the following spells:

 Your Spells              Type           Power      Damage    Failure   Level
a - Necrotise             Necr           80%        1d8       2%          1
b - Sublimation of Blood  Necr           20%        N/A       3%          2

Your spell library contained the following spells:

 Spells                   Type           Power      Damage    Failure   Level
 Vampiric Draining        Necr           20%        2d7       7%          3
 Animate Dead             Necr           20%        N/A       22%         4
 Wereblood                Tmut           2%         N/A       26%         2
 Airstrike                Air            1%         0-2+      86%         4
 Summon Lightning Spire   Summ/Air       2%         N/A       86%         4
 Agony                    Necr           20%        N/A       52%         5
 Lightning Bolt           Conj/Air       1%         1d12      99%         5
 Summon Hydra             Summ           1%         N/A       100%        7


Dungeon Overview and Level Annotations

Branches:
Dungeon (2/15)

Altars:


Innate Abilities, Weirdness & Mutations

You regenerate magic rapidly.
Your touch may inflict minor irresistible damage on your foes.


Message History

The adder writhes in agony.
Casting: Necrotise (safe; 2% risk of failure)
Confirm with . or Enter, or press ? or * to list all spells.
Aiming: Necrotise (safe; 2% risk of failure)
Press: ? - help, Shift-Dir - straight line, f/p - adder
Aim: an adder (heavily wounded, ally target, chance to affect: 81%)
The adder writhes in agony.
The adder barely misses you.
Casting: Necrotise (safe; 2% risk of failure)
Confirm with . or Enter, or press ? or * to list all spells.
You don't have enough magic to cast this spell.
Unknown command.
You closely miss the adder.
The adder is heavily wounded.
The adder bites you but does no damage.
You closely miss the adder.
The adder is heavily wounded.
The adder barely misses you. The adder bites you.
You are poisoned.
The adder poisons you!
Your quokka skeleton barely misses the adder.
You closely miss the adder.
The adder is heavily wounded.
You feel sick. The adder bites you.
Your quokka skeleton barely misses the adder.
Casting: Necrotise (safe; 2% risk of failure)
Confirm with . or Enter, or press ? or * to list all spells.
Aiming: Necrotise (safe; 2% risk of failure)
Press: ? - help, Shift-Dir - straight line, f/p - adder
Aim: an adder (heavily wounded, ally target, chance to affect: 81%)
The adder writhes in agony.
You kill the adder!
The dead are slithering!
You feel sick.
You have reached level 3!
Your experience leads to an increase in your attributes!
Increase (S)trength, (I)ntelligence, or (D)exterity?
You feel clever. x2
You feel monstrous as your demonic heritage exerts itself.
Your demonic ancestry asserts itself...
Your hands begin to faintly glow with unholy energy.
Are you sure you want to abandon this character and quit the game? (Confirm with "yes".)

.....# .....#
#.... ....## ...#
....# ...# ....#
########..#
....####......#..#
...........##.#..#
###.........#.#.Z#
# #.........#.#Z@#
#
#.........#Z#..##
#
######+#..#.#...#
# #.#..#.##..#
#.#.....#..#
#.#.#####..#
#..........#
###.######.# #.#
#.#


You could see a friendly adder skeleton and a friendly quokka skeleton.

Vanquished Creatures
  An adder (D:2)
  2 dart slugs
  3 ball pythons (D:1)
  3 endoplasms (D:1)
  3 goblins
  2 hobgoblins
  A kobold (D:1)
  2 quokkas
  3 bats
  A toadstool (D:1)
21 creatures vanquished.

Vanquished Creatures (others)
  3 toadstools (D:1)
3 creatures vanquished.

Grand Total: 24 creatures vanquished

Notes
Turn   | Place    | Note
-------+----------+-------------------------------------------
     0 | D:1      | mathmaestro the Demonspawn Necromancer began the quest for
                  | the Orb.
     0 | D:1      | Reached XP level 1. HP: 13/13 MP: 3/3
   541 | D:1      | Gained mutation: You regenerate magic rapidly. [demonic
                  | ancestry]
   541 | D:1      | Reached XP level 2. HP: 19/19 MP: 0/5
   997 | D:2      | Learned a level 2 spell: Sublimation of Blood
  1066 | D:2      | Found a faded altar of an unknown god.
  1200 | D:2      | Discovered your monstrous ancestry.
  1200 | D:2      | Gained mutation: Your touch may inflict minor irresistible
                  | damage on your foes. [demonic ancestry]
  1200 | D:2      | Reached XP level 3. HP: 16/24 MP: 0/7
  1200 | D:2      | Quit the game

Illustrated notes

Levels and vault maps discovered:
D:1:      ldierk_water_garden, layout_basic
D:2:      layout_basic, chequers_ecumenical_altar_island, basic_altar,
          uniq_crazy_yiuf_cottage

Skill      XL: |  1 |
---------------+----+-----
Dodging        | 2 |  2.0
Stealth        | 2 |  2.0
Spellcasting   | |  2.6
Necromancy     | |  4.9

Action                   || total
-------------------------++-------
Melee: Unarmed           ||    11
       Spear             ||     3
 Cast: Necrotise         ||    41
Armor: Robe              ||     3
Dodge: Dodged            ||    10

Table legend: (Time is in decaauts)
 A = Elapsed time spent in this place.
 B = Non-inter-level travel time spent in this place.
 C = Inter-level travel time spent in this place.
 D = Time resting spent in this place.
 E = Time spent auto-exploring this place.
 F = Levels seen in this place.
 G = Mean time per level.
                   A        B        C        D        E       F      G
               +--------+--------+--------+--------+--------+-----+--------+
         Total |   1204 |   1203 |      1 |    107 |    906 |   2 |  602.0 |
       Dungeon |   1204 |   1203 |      1 |    107 |    906 |   2 |  602.0 |
               +--------+--------+--------+--------+--------+-----+--------+

Top non-repeatable levels by time:
     D:1: 951 daAuts
     D:2: 253 daAuts
